 Dungeon Crawl Stone Soup version 0.29-a0-330-g52719c12eb (webtiles) character file.

Game seed: 10951040228441620661

2 Maratek the Poker (level 1, -2/22 HPs)
             Began as an Ogre Gladiator on May 31, 2022.
             Slain by a gnoll
             ... wielding a +4 flail
              (8 damage)
             ... on level 1 of the Dungeon.
             The game lasted 00:00:17 (177 turns).

Maratek the Poker (Ogre Gladiator)                   Turns: 177, Time: 00:00:17

Health: -2/22      AC:  3    Str: 17    XL:     1   Next: 40%
Magic:  1/1        EV: 10    Int:  9    God:
Gold:   20         SH:  0    Dex: 10    Spells: 0/0 levels left

rFire   . . .      SeeInvis .   a - +0 trident
rCold   . . .      Faith    .   (no shield)
rNeg    . . .      Spirit   .   b - +0 robe
rPois   .          Reflect  .   c - +0 hat
rElec   .          Harm     .   (no cloak)
rCorr   .          Rampage  .   (gloves unavailable)
Will    .....                   (boots unavailable)
Stlth   +.........              (no amulet)
HPRegen 0.07/turn               (no ring)
MPRegen 0.07/turn               (no ring)

@: no status effects
A: large, unfitting armour, tough skin 1
a: no special abilities


You were on level 1 of the Dungeon.
You visited 1 branch of the dungeon, and saw 1 of its levels.

You collected 20 gold pieces.

Inventory:

Hand Weapons
 a - a +0 trident (weapon)
Missiles
 d - 3 throwing nets (quivered)
 e - a large rock
Armour
 b - a +0 robe (worn)
 c - a +0 hat (worn)
Scrolls
 f - a scroll of identify {unknown}
Potions
 g - a potion of lignification {unknown}


   Skills:
 + Level 2.7 Fighting
 + Level 3.0 Polearms
 + Level 2.0 Throwing
 + Level 2.7 Dodging


You couldn't memorise any spells.
You didn't know any spells.
Your spell library contained the following spells:

 Spells                   Type           Power      Damage    Failure   Level
 Beastly Appendage        Tmut           0%         N/A       38%         1
 Wereblood                Tmut           0%         N/A       52%         2
 Spider Form              Tmut/Pois      0%         N/A       77%         3


Dungeon Overview and Level Annotations

Branches:
Dungeon (1/15)

Altars:


Innate Abilities, Weirdness & Mutations

You are too large for most types of armour.
You have tough skin. (AC +1)


Message History

HP restored.
Things that are here:
a +0 short sword; a +0 dagger; a kobold corpse
f - a scroll labelled KOZXAUG CAMAR
Found a short sword.
g - a red potion
Found a chain mail.
A gnoll comes into view. It is wielding a +4 flail.
You see here a +0 short sword.
A gnoll is nearby!
A gnoll is nearby!
A gnoll is nearby!
You hit the gnoll.
The gnoll is moderately wounded.
The gnoll hits you with a +4 flail. The gnoll hits you with a +4 flail!
You hit the gnoll.
The gnoll is moderately wounded.
The gnoll hits you with a +4 flail!
* * * LOW HITPOINT WARNING * * *
You are too injured to fight recklessly!
You are too injured to fight recklessly!
You are too injured to fight recklessly!
You are too injured to fight recklessly!
You are too injured to fight recklessly!
You are too injured to fight recklessly!
You are too injured to fight recklessly!
You are too injured to fight recklessly!
You are too injured to fight recklessly!
You are too injured to fight recklessly!
You are too injured to fight recklessly!
You are too injured to fight recklessly!
You are too injured to fight recklessly!
You are too injured to fight recklessly!
You are too injured to fight recklessly!
You are too injured to fight recklessly!
You are too injured to fight recklessly!
You barely miss the gnoll.
The gnoll is moderately wounded.
The gnoll hits you with a +4 flail!
You die...

#....... ........
#.#.##.# ## #.#.##.# .
.. #.#.##.#.##.#
#.#.##.#..[.#
########....)....#
.....##...##.##.#
.#####..##...##@##
................g.......
..##.###.####.##.##.#...
...#.#........##... ..
##............##..#. .#
......†)......##..# #
....#..............
.............#.#...
.##.#.##.#......


You could see a gnoll.

Vanquished Creatures
  A goblin (D:1)
  A ball python (D:1)
  A kobold (D:1)
3 creatures vanquished.

Notes
Turn   | Place    | Note
-------+----------+-------------------------------------------
     0 | D:1      | Maratek the Ogre Gladiator began the quest for the Orb.
     0 | D:1      | Reached XP level 1. HP: 22/22 MP: 1/1
   177 | D:1      | Slain by a gnoll

Illustrated notes

Levels and vault maps discovered:
D:1:      giann_forest_graveyard, layout_basic,
          hellmonk_ecumenical_altar_watching_god, serial_park_tiny_2

Action                   || total
-------------------------++-------
Melee: Trident           ||    15
Armor: Robe              ||     3
Dodge: Dodged            ||     5

Table legend: (Time is in decaauts)
 A = Elapsed time spent in this place.
 B = Non-inter-level travel time spent in this place.
 C = Inter-level travel time spent in this place.
 D = Time resting spent in this place.
 E = Time spent auto-exploring this place.
 F = Levels seen in this place.
 G = Mean time per level.
                   A        B        C        D        E       F      G
               +--------+--------+--------+--------+--------+-----+--------+
         Total |    179 |    179 |      0 |      0 |    148 |   1 |  179.0 |
       Dungeon |    179 |    179 |      0 |      0 |    148 |   1 |  179.0 |
               +--------+--------+--------+--------+--------+-----+--------+

Top non-repeatable levels by time:
     D:1: 179 daAuts
